 Dungeon Crawl Stone Soup version 0.32-a0-799-g95e1662365 (webtiles) character file.

Game seed: 14274073516288647764

581 Aldia the Twirler (level 7, -21/56 HPs)
             Began as a Formicid Fighter on Mar 21, 2024.
             Demolished by an ogre
             ... wielding a +0 giant club
              (27 damage)
             ... on level 4 of the Dungeon.
             The game lasted 00:04:25 (3136 turns).

Aldia the Twirler (Formicid Fighter)                Turns: 3136, Time: 00:04:25

Health: -21/56     AC: 11    Str: 21    XL:     7   Next: 63%
Magic:  7/7        EV:  7    Int:  7    God:
Gold:   85         SH:  5    Dex: 15    Spells: 6/6 levels left

rFire   . . .        a - +0 quarterstaff
rCold   . . .        c - +0 buckler
rNeg    . . .        o - +0 chain mail
rPois   .            (helmet unavailable)
rElec   .            i - +0 cloak
rCorr   +            (no gloves)
SInv    +            (no boots)
Will    .....        (no amulet) Stlth
                     j - ring of resist corrosion
HPRegen 0.29/turn    (no ring)
MPRegen 0.10/turn

%: no passive effects
@: no status effects
A: permanent stasis, dig shafts and tunnels, antennae 3, four strong arms
a: Dig, Shaft Self


You were on level 4 of the Dungeon.
You visited 1 branch of the dungeon, and saw 4 of its levels.

You collected 85 gold pieces.

Inventory:

Hand Weapons
 a - a +0 quarterstaff (weapon)
Missiles
 q - 4 atropa-tipped darts
Armour
 b - a +0 scale mail
 c - a +0 buckler (worn)
 i - a +0 cloak (worn)
 o - a +0 chain mail (worn)
Jewellery
 j - a ring of resist corrosion (left hand)
Wands
 d - a wand of flame (13)
Scrolls
 f - a scroll of noise {unknown}
 g - a scroll of fear {unknown}
 k - a scroll of enchant weapon {unknown}
 l - a scroll of amnesia {unknown}
 m - a scroll of poison
Potions
 e - a potion of invisibility
 h - 2 potions of curing
 n - a potion of lignification
 p - a potion of cancellation {unknown}


   Skills:
 + Level 5.3 Fighting
 * Level 5.8 Staves
 + Level 5.2 Armour
 - Level 4.0 Shields


You had 6 spell levels left.
You didn't know any spells.
Your spell library contained the following spells:

 Spells                   Type           Power      Damage    Failure   Level
 Freeze                   Ice            0%         1d3       98%         1
 Magic Dart               Conj           0%         1d3       98%         1
 Call Imp                 Summ           0%         N/A       99%         2
 Frozen Ramparts          Ice            0%         1d1       100%        3
 Hailstorm                Conj/Ice       0%         3d5       100%        3
 Blink                    Tloc           Unusable   N/A       N/A         2

Dungeon Overview and Level Annotations

Branches:
Dungeon (4/15)
 Temple: D:4-7

Altars:
The Shining One


Innate Abilities, Weirdness & Mutations

You cannot be hasted, slowed, berserked, paralysed or teleported.
You can dig through walls and to a lower floor.
You have a pair of large antennae on your head. (SInv)
Your four strong arms can wield two-handed weapons with a shield.


Message History

There is an open door here.
There is an open door here.
You open the door.
There is an open door here.
f - a scroll labelled HAERGHI CUFRUI You sense a monster nearby.
A hobgoblin comes into view. It is wielding a +0 dagger.
The hobgoblin shouts!
You hear a shout!
A hobgoblin is nearby!
A hobgoblin is nearby!
You hit the hobgoblin but do no damage. The hobgoblin barely misses you.
You hit the hobgoblin.
The hobgoblin is severely wounded.
The hobgoblin closely misses you.
The hobgoblin hits you with a +0 dagger.
An ogre comes into view. It is wielding a +0 giant club.
You hit the hobgoblin.
You kill the hobgoblin!
The ogre hits you with a +0 giant club.
You barely miss the ogre. You barely miss the ogre.
The ogre hits you with a +0 giant club.
You hit the ogre.
The ogre is lightly wounded.
You block the ogre's attack.
You sock the ogre!
The ogre is heavily wounded.
You hit the ogre.
The ogre is severely wounded.
The ogre hits you with a +0 giant club!!
You are too injured to fight recklessly!
You are too injured to fight recklessly!
You are too injured to fight recklessly!
You hit the ogre.
The ogre is almost dead.
The ogre hits you with a +0 giant club!!
* * * LOW HITPOINT WARNING * * *
You hit the ogre.
The ogre is almost dead.
The ogre hits you with a +0 giant club!!
You die...

.... ... ..#
..# ## ..##
#.## ##...##
.
#..##O....#..
#...@.......
##..........
##$.....###
## #......#
...
#.###..##..#
#...
#...####..#
#... #.#.##
#..# #...
#.#.## #..#
.. ...
#....####..#
#.# ...


You could see an ogre.

Vanquished Creatures
  Grinder (D:3)
  Duvessa (D:4)
  Dowan (D:4)
  2 bombardier beetles
  2 orc priests
  A gnoll (D:2)
  An adder (D:2)
  A dart slug (D:4)
  A ribbon worm (D:2)
  10 orcs
  7 ball pythons
  5 bats
  6 endoplasms
  7 giant cockroaches
  4 goblins
  9 hobgoblins
  11 jackals
  A quokka (D:1)
  7 kobolds
  3 rats
81 creatures vanquished.

Notes
Turn   | Place    | Note
-------+----------+-------------------------------------------
     0 | D:1      | Aldia the Formicid Fighter began the quest for the Orb.
     0 | D:1      | Reached XP level 1. HP: 18/18 MP: 1/1
    54 | D:1      | Reached XP level 2. HP: 24/24 MP: 2/2
   158 | D:1      | Found a faded altar of an unknown god.
   345 | D:1      | Reached XP level 3. HP: 23/29 MP: 3/3
   764 | D:2      | Reached XP level 4. HP: 31/37 MP: 4/4
  1072 | D:3      | Found a glowing golden altar of the Shining One.
  1452 | D:3      | Reached XP level 5. HP: 37/42 MP: 5/5
  1562 | D:3      | Noticed Grinder
  1578 | D:3      | HP: 1/42 [Grinder/nerve-wracking pain (12)]
  1579 | D:3      | Killed Grinder
  1580 | D:3      | Reached XP level 6. HP: 2/50 MP: 6/6
  1771 | D:3      | Reached skill level 5 in Staves
  2303 | D:4      | Reached XP level 7. HP: 35/55 MP: 7/7
  2458 | D:4      | Noticed Duvessa
  2458 | D:4      | Noticed Dowan
  2481 | D:4      | Killed Duvessa
  2482 | D:4      | Reached skill level 5 in Fighting
  2482 | D:4      | Reached skill level 5 in Armour
  2510 | D:4      | Killed Dowan
  3136 | D:4      | Demolished by an ogre

Illustrated notes

Levels and vault maps discovered:
D:1:      roderic_octagonal_star, layout_rooms,
          hellmonk_ecumenical_altar_pennies_from_heaven
D:2:      layout_rooms, cheibrodos_gnoll_hut
D:3:      layout_loops_corners, tso_metal_star, feat_on_display, uniq_grinder
D:4:      minmay_skewed_foursquare, layout_layer_cave, wad_orctagon,
          uniq_duvessa

Skill      XL: |  1  2  3  4  5  6  7 |
---------------+----------------------+-----
Staves         | 3 4 5 |  5.8
Fighting       | 4 5 |  5.3
Armour         | 4 5 |  5.2
Shields        | |  4.0

Action                     |  1- 3 |  4- 6 |  7- 9 || total
---------------------------+-------+-------+-------++-------
  Melee: Quarterstaff      |   106 |    76 |    68 ||   250
  Evoke: Wand              |       |       |     2 ||     2
    Use: Scroll            |       |     7 |     1 ||     8
         Potion            |       |     1 |       ||     1
 Armour: Scale mail        |    79 |     4 |       ||    83
         Chain mail        |       |    46 |    51 ||    97
  Dodge: Dodged            |    57 |    15 |    22 ||    94
  Block: Buckler           |    32 |    11 |    19 ||    62

Table legend: (Time is in decaauts)
 A = Elapsed time spent in this place.
 B = Non-inter-level travel time spent in this place.
 C = Inter-level travel time spent in this place.
 D = Time resting spent in this place.
 E = Time spent auto-exploring this place.
 F = Levels seen in this place.
 G = Mean time per level.
                   A        B        C        D        E       F      G
               +--------+--------+--------+--------+--------+-----+--------+
         Total |   3175 |   3102 |     73 |      0 |   2452 |   4 |  793.8 |
       Dungeon |   3175 |   3102 |     73 |      0 |   2452 |   4 |  793.8 |
               +--------+--------+--------+--------+--------+-----+--------+

Top non-repeatable levels by time:
     D:3: 1154 daAuts
     D:4: 958 daAuts
     D:1: 621 daAuts
     D:2: 441 daAuts
